Map: Prion Terraces

Players

MorN - Winner!

  • Race: Terran Terran
  • League: Master

Apocalypse

  • Race: Protoss Protoss
  • League: Master

VOD

Have the link to the VOD?

Description

Time

  • Played on: Dec. 1, 2015, 7:25 p.m.
  • Length: 13:38
Show
View Real Time Build Order
Export as new Build Order

MorN Terran - Winner!

Build Orders: MMM Bio 

Get SALT Encoding   

  12  0:01  SCV  
  13  0:13  SCV  
  14  0:19  Supply Depot  
  14  0:25  SCV  
  15  0:40  SCV  
  15  0:42  Barracks  
  16  0:48  Refinery  
  16  0:52  SCV  
  17  1:06  SCV  
  18  1:18  SCV  
  19  1:29  Marine  
  19  1:30  Orbital Command  
  20  1:42  Command Center  
  20  1:56  Marine  
  20  1:57  Factory  
  21  2:04  SCV  
  22  2:13  Supply Depot  
  22  2:14  Marine  
  23  2:34  SCV, Marine  
  25  2:43  Factory Tech Lab, Barracks  
  25  2:47  SCV  
  26  2:53  Marine  
  26  2:55  Orbital Command  
  27  2:59  SCV  
  27  3:02  Cyclone  
  31  3:07  Refinery  
  31  3:11  SCV, Marine  
  33  3:21  SCV  
  34  3:30  SCV  
  34  3:33  SCV  
  36  3:40  Barracks  
  36  3:44  Command Center  
  36  3:45  Factory Reactor  
  36  3:48  Stimpack  
  36  3:49  SCV x2  
  38  3:57  Barracks Tech Lab, Marine  
  38  4:01  SCV  
  40  4:04  Supply Depot  
  40  4:05  SCV  
  41  4:13  SCV  
  41  4:16  Bunker  
  43  4:17  SCV  
  43  4:18  Engineering Bay  
  43  4:26  SCV  
  43  4:29  SCV, Starport  
  45  4:32  Factory Reactor  
  45  4:38  SCV, Marine  
  46  4:39  Marauder x2  
  46  4:41  SCV  
  52  4:45  Missile Turret  
  52  4:48  Refinery  
  52  4:49  Refinery  
  52  4:52  SCV  
  53  4:53  SCV  
  53  4:54  Terran Infantry Weapons Level 1  
  53  4:59  Orbital Command  
  54  5:04  Marauder  
  54  5:07  SCV x2  
  58  5:27  SCV x2, Marine x3  
  58  5:28  Marauder  
  63  5:35  SCV  
  64  5:37  Supply Depot  
  64  5:39  SCV  
  64  5:41  Barracks  
  64  5:42  Barracks  
  65  5:46  Factory Reactor  
  65  5:48  Marauder, Marine x2  
  69  5:56  Supply Depot  
  69  5:58  Medivac x2, Marine  
  74  6:06  Marine x2  
  74  6:09  Marine  
  75  6:16  Marauder  
  75  6:18  SCV x2  
  79  6:20  Supply Depot  
  79  6:22  Supply Depot  
  79  6:32  Marauder, Marine x2  
  82  6:33  Medivac  
  82  6:35  Orbital Command  
  82  6:37  Combat Shields, Concussive Shells  
  85  6:41  SCV, Medivac, Widow Mine x2  
  92  6:52  Barracks Reactor, Barracks Tech Lab  
  92  6:53  Terran Infantry Armor Level 1, Marine  
  93  6:55  Supply Depot  
  93  6:56  Supply Depot, Engineering Bay  
  92  7:05  Marine x3  
  91  7:12  Marauder  
  91  7:13  Widow Mine x2  
  97  7:17  Liberator x2  
  90  7:29  Marine x3  
  82  7:30  Marauder  
  82  7:34  Orbital Command  
  83  7:44  Marine x2  
  83  7:45  Marine  
  83  7:48  Marine x2  
  83  7:51  Supply Depot, Marauder  
  87  7:52  Marine  
  88  8:02  Marine  
  88  8:03  Marauder x2  
  88  8:04  Widow Mine  
  95  8:06  Marine x2  
  95  8:12  Marauder  
  97  8:17  Marine  
  97  8:18  Supply Depot  
  98  8:20  Marine  
  98  8:22  Supply Depot  
  98  8:24  Marauder x2, Marine x2  
  105  8:28  Widow Mine  
  105  8:32  SCV x2  
  109  8:39  Marine x2, Widow Mine  
  109  8:40  Marauder  
  115  8:42  Marine x2  
  115  8:45  Marine x2, Medivac x2  
  121  9:03  Marine x3  
  121  9:04  Marauder  
  121  9:07  Marine  
  127  9:13  Orbital Command  
  127  9:14  Marine  
  127  9:15  Marine  
  119  9:21  Marine  
  116  9:25  Marauder  
  116  9:28  Liberator x2, Marine x3  
  121  9:33  Marauder x2  
  125  9:38  Marine  
  126  9:46  Marine  
  126  9:50  Missile Turret  
  126  9:51  Marauder  
  126  9:52  Marine x2  
  131  9:54  Marauder, Marine  
  124  10:04  Marine x2  
  117  10:11  Liberator x2  
  117  10:12  Marauder x2  
  121  10:14  Marine x2  
  121  10:16  Marauder  
  116  10:24  Widow Mine x2  
  116  10:25  SCV x2  
  121  10:30  Armory  
  127  10:51  Marine x2  
  127  10:52  Marauder  
  127  10:55  Marine  
  127  10:56  Marine  
  133  11:00  Liberator  
  133  11:01  Liberator  
  133  11:10  Command Center  
  133  11:13  SCV, Marine x3, Widow Mine x2  
  133  11:14  Marine x2  
  133  11:15  SCV  
  133  11:16  Marauder  
  139  11:22  Marine  
  128  11:31  Marauder, Marine x2  
  128  11:32  Marine  
  127  11:33  Marauder  
  127  11:37  Marine  
  128  11:40  Marine  
  128  11:43  Liberator  
  128  11:44  Liberator  
  125  11:48  Marine x2  
  125  11:50  Marine  
  125  11:53  Marine, Marauder  
  131  11:55  Marauder  
  131  11:58  Marine  
  135  12:06  Marine x2  
  135  12:08  Marine  
  139  12:12  Marauder  
  139  12:14  Barracks x3  
  141  12:21  Marine  
  141  12:22  Marauder  
  144  12:26  Liberator  
  144  12:27  Liberator  
  128  12:54  Marine x3  
  128  12:56  Marine x2  
  128  12:57  Marine x2  
  126  13:12  Marine x3  
  129  13:14  Marine x2  
  129  13:15  Marauder x2  
Show
View Real Time Build Order
Export as new Build Order

Apocalypse Protoss 

Build Orders: 1 Gate Expand 

Get SALT Encoding   

  12  0:01  Probe (Chrono Boost)  
  13  0:11  Probe (Chrono Boost)  
  14  0:18  Pylon  
  14  0:22  Probe (Chrono Boost)  
  15  0:36  Probe (Chrono Boost)  
  15  0:37  Gateway  
  16  0:43  Assimilator  
  16  0:46  Probe (Chrono Boost)  
  18  0:57  Probe (Chrono Boost)  
  18  1:07  Probe (Chrono Boost)  
  19  1:18  Probe (Chrono Boost)  
  20  1:22  Nexus  
  20  1:28  Probe (Chrono Boost)  
  21  1:38  Cybernetics Core  
  21  1:40  Probe (Chrono Boost)  
  21  1:46  Pylon  
  22  1:52  Probe (Chrono Boost)  
  22  1:54  Assimilator  
  23  2:04  Probe (Chrono Boost)  
  25  2:16  Mothership Core (Chrono Boost), Adept  
  25  2:20  Warp Gate  
  28  2:32  Forge  
  28  2:35  Probe (Chrono Boost)  
  29  2:41  Probe (Chrono Boost)  
  29  2:43  Adept  
  32  2:48  Probe (Chrono Boost)  
  33  2:51  Probe (Chrono Boost)  
  35  2:58  Probe (Chrono Boost)  
  35  3:02  Probe (Chrono Boost)  
  36  3:09  Probe (Chrono Boost), Robotics Facility  
  36  3:10  Adept  
  36  3:11  Protoss Ground Armor Level 1 (Chrono Boost)  
  39  3:14  Probe  
  39  3:19  Pylon  
  40  3:24  Probe  
  41  3:27  Probe  
  40  3:36  Probe  
  40  3:38  Probe  
  42  3:44  Adept  
  42  3:48  Probe x2  
  45  3:51  Gateway x2  
  46  3:59  Probe, Warp Prism  
  46  4:00  Probe  
  50  4:09  Twilight Council, Probe  
  50  4:12  Probe  
  50  4:14  Pylon  
  52  4:20  Probe  
  53  4:30  Pylon  
  53  4:31  Probe  
  53  4:33  Probe, Assimilator  
  53  4:34  Adept  
  53  4:35  Observer, Pylon  
  53  4:37  Assimilator  
  58  4:44  Probe  
  58  4:45  Resonating Glaives (Chrono Boost)  
  59  4:51  Sentry  
  61  4:56  Probe x2  
  61  4:57  Immortal  
  67  5:02  Sentry  
  67  5:05  Adept  
  71  5:08  Probe  
  71  5:09  Probe  
  73  5:20  Probe  
  74  5:21  Probe  
  74  5:27  Nexus  
  75  5:32  Sentry, Probe  
  78  5:37  Pylon  
  78  5:41  Pylon  
  78  5:47  Pylon  
  78  5:48  Pylon  
  78  5:55  Probe x2, Immortal  
  84  5:57  Gateway  
  84  6:00  Gateway  
  84  6:03  Protoss Ground Armor Level 2  
  84  6:04  Pylon  
  84  6:07  Probe  
  85  6:11  Sentry x2  
  85  6:13  Adept  
  85  6:15  Probe  
  92  6:19  Probe  
  92  6:22  Blink (Chrono Boost)  
  93  6:27  Probe  
  93  6:32  Probe  
  95  6:35  Stalker x3  
  95  6:39  Probe  
  102  6:42  Immortal  
  102  6:44  Probe  
  102  6:46  Probe  
  102  6:47  Pylon  
  107  6:48  Pylon  
  107  6:50  Assimilator  
  107  6:51  Probe  
  107  6:53  Assimilator  
  109  6:59  Dark Shrine  
  109  7:05  Adept x3  
  115  7:11  Probe  
  114  7:26  Adept x3  
  112  7:42  Probe  
  111  7:45  Gateway  
  111  7:47  Gateway  
  111  7:50  Gateway  
  111  7:52  Immortal  
  111  7:53  Pylon  
  111  7:55  Stalker x3  
  121  8:07  Nexus  
  121  8:08  Pylon  
  121  8:09  Pylon  
  115  8:13  Probe  
  115  8:14  Protoss Ground Armor Level 3  
  115  8:18  Photon Cannon  
  115  8:19  Adept x2, Photon Cannon  
  120  8:20  Adept  
  120  8:21  Photon Cannon  
  122  8:30  Stalker x2  
  126  8:35  Immortal  
  130  8:43  Sentry  
  130  8:44  Sentry x2  
  136  8:49  Probe x2  
  136  8:50  Templar Archives  
  136  8:54  Adept x5  
  144  9:23  Nexus  
  142  9:25  Pylon  
  142  9:28  Adept x2  
  142  9:29  Adept x3  
  142  9:31  Pylon  
  150  9:32  Psionic Storm, Pylon  
  150  9:33  Pylon  
  150  9:36  Charge (Chrono Boost)  
  150  9:38  Immortal  
  154  9:50  Stalker x2  
  154  9:51  Stalker x2  
  131  10:15  Adept x7  
  131  10:16  Adept  
  141  10:24  Probe x2  
  139  10:30  Assimilator  
  139  10:36  Assimilator  
  139  10:38  Stalker x5  
  139  10:39  Stalker x2  
  153  10:44  Protoss Ground Weapons Level 1 (Chrono Boost)  
  153  10:54  Warp Prism  
  155  10:59  Forge  
  155  11:05  Adept x2  
  155  11:06  Stalker x3  
  119  11:26  Adept  
  119  11:27  Adept x4  
  113  11:45  Immortal  
  115  11:50  High Templar x3  
  115  11:51  High Templar  
  115  11:52  Stalker x3  
  129  11:54  Zealot  
  129  11:55  Archon  
  129  11:56  Archon  
  129  12:07  Probe x2  
  127  12:19  Stalker x3, Immortal  
  127  12:20  High Templar  
  105  12:52  Adept x2  
  105  12:53  Adept x4  
  105  12:54  Adept x2  
  105  12:56  Immortal  
  109  13:00  Probe x3  
  116  13:17  Gateway  
  116  13:18  Stalker x2, Gateway x2  
  120  13:20  Gateway, Nexus  
  120  13:21  Pylon  
  94  13:33  Stalker x3  
  86  13:35  High Templar  
Tags
 
Composition
MMM Bio
Matchup
PvT
Replay Pack
MorN pack 2
Add a new tag
Caveats
  • Supply blocks, unpowered buildings, or Contaminate may cause inaccurate times.
  • Supply counts are checked every 10 seconds.